 Dungeon Crawl Stone Soup version 0.23.2-33-g5129a83184 (webtiles) character file.

Game seed: 5656808120277147517

1460 FishyPogo the Chiller (level 8, -1/62 HPs)
             Began as a Naga Ice Elementalist on Aug 10, 2019.
             Was a Priest of Cheibriados.
             Killed from afar by an electric eel (14 damage)
             ... with a bolt of electricity
             ... on level 6 of the Dungeon.
             The game lasted 00:37:11 (6445 turns).

FishyPogo the Chiller (Naga Ice Elementalist)       Turns: 6445, Time: 00:37:34

Health: -1/62      AC:  4    Str: 22    XL:     8   Next: 76%
Magic:  16/16      EV: 11    Int: 25    God:    Cheibriados [***...]
Gold:   245        SH:  5    Dex: 20    Spells: 7/18 levels left

rFire    . . .     SeeInvis +   q - +0 mace of Hepliaklqana's Esteem {crush, +Inv Str+3} (curse)
rCold    . . .     Gourm    +   o - +0 buckler
rNeg     . . .     Faith    .   d - +0 robe
rPois    +         Spirit   .   (no helmet)
rElec    .         Reflect  .   l - +0 cloak (curse)
rCorr    .         Harm     .   (no gloves)
MR       +....                  (no barding)
Stlth    +++.......             k - amulet of the gourmand
HPRegen  0.20/turn              (no ring)
MPRegen  0.15/turn              (no ring)

@: short of breath, very slow
A: large, see invisible, deformed body, poison resistance, slowness 2, slow
metabolism 1, spit poison 1, AC +2
a: Spit Poison, Bend Time, Temporal Distortion, Renounce Religion, Evoke
Invisibility


You were on level 6 of the Dungeon.
You worshipped Cheibriados.
Cheibriados was most pleased with you.
You were completely stuffed.

You visited 1 branch of the dungeon, and saw 6 of its levels.

You collected 245 gold pieces.

Inventory:

Hand Weapons
 a - a +0 short sword
 q - the cursed +0 mace of Hepliaklqana's Esteem (weapon) {crush, +Inv Str+3}
   (You found it on level 4 of the Dungeon)

   It inflicts extra damage upon your enemies.
   It affects your strength (+3).
   It lets you turn invisible.
   It has a curse placed upon it.
 t - a +0 whip of flaming
Armour
 d - a +0 robe (worn)
 l - a cursed +0 cloak (worn)
 o - a +0 buckler (worn)
Jewellery
 k - an amulet of the gourmand (around neck)
Scrolls
 b - 3 scrolls of fear {unknown}
 f - 2 scrolls of teleportation
 g - 3 scrolls of enchant armour {unknown}
 i - 2 scrolls of identify {unknown}
 j - 2 scrolls of enchant weapon {unknown}
Potions
 e - a potion of heal wounds
 h - 2 potions of might {unknown}
 m - 2 potions of brilliance
 n - a potion of curing
 p - a potion of ambrosia {unknown}
 r - a potion of magic {unknown}
Comestibles
 c - 12 rations
 s - 5 chunks of flesh


   Skills:
 + Level 0.0 Fighting
 * Level 4.8 Maces & Flails
 - Level 2.0 Dodging
 - Level 4.0 Stealth
 - Level 2.4 Shields
 * Level 5.5 Spellcasting
 - Level 1.0 Conjurations
 * Level 1.3 Summonings
 - Level 6.6 Ice Magic


You had 7 spell levels left.
You knew the following spells:

 Your Spells              Type           Power        Failure   Level  Hunger
a - Freeze                Ice            ####         1%          1    None
b - Throw Frost           Conj/Ice       ####..       2%          2    None
c - Summon Ice Beast      Ice/Summ       ####....     16%         4    ###....
d - Throw Icicle          Conj/Ice       ####....     16%         4    ###....

Your spell library contained the following spells:

 Spells                   Type           Power        Failure   Level  Hunger
 Ozocubu's Armour         Chrm/Ice       ###.....     6%          3    #......


Dungeon Overview and Level Annotations

Branches:
Dungeon (6/15)             Temple (0/1) D:5

Altars:
Ashenzari
Cheibriados
Ru
Wu Jian
Yredelemnul
The Shining One

Shops:
D:5 [

Annotations:
D:6 Dowan, Duvessa


Innate Abilities, Weirdness & Mutations

You cannot wear boots.
Your serpentine skin is tough. (AC +2)
You have supernaturally acute eyesight. (SInv)
Armour fits poorly on your strangely shaped body.
Your system is resistant to poisons. (rPois)
You cover ground very slowly.
You have a slow metabolism.
You can spit poison.


Message History

The electric eel shoots out a bolt of lightning at you!
The bolt of electricity hits you! The bolt of electricity hits you.
The bolt of electricity hits the electric eel.
The electric eel completely resists.
Press: ? - help, Shift-Dir - straight line, f - electric eel
Aim: an electric eel (lightly wounded)
The splash of poison misses the electric eel.
You feel slightly less full.
The electric eel shoots out a bolt of lightning at you!
The bolt of electricity hits you! x2
The bolt of electricity hits the electric eel.
The electric eel completely resists.
The electric eel shoots out a bolt of lightning at you!
The bolt of electricity misses you. The bolt of electricity hits you!
* * * LOW HITPOINT WARNING * * *
The bolt of electricity hits the electric eel.
The electric eel completely resists.
The electric eel shoots out a bolt of lightning at you!
The bolt of electricity hits you!
You die...

##.#...### ...###.#
#.# #..###.## #.#
#.......# #.#
#..###.^# #.# >..#
# #.# ##.# .# #.#
##.# .#.#######.##
##.##.###....Z..@.#
.......#.#####≈;≈P#
##.####.# #≈♣≈≈#
#..# #.♣≈## #.##
##.≈.# #(###
###...### ....#
#.......###.
#.#.###
#...........
..#.#.##
#.......##.


You could see an electric eel and a leopard gecko zombie.

Vanquished Creatures
  2 phantoms
  A sky beast (D:5)
  An ice beast (D:5)
  5 ogres
  A centaur (D:6)
  A howler monkey (D:6)
  2 crimson imps (D:5)
  2 bullfrog skeletons
  2 hounds
  3 orc wizards (D:3)
  Jessica (D:2)
  A hound zombie (D:5)
  3 gnolls (D:5)
  10 adders
  2 oozes
  2 worms
  5 dart slugs
  4 leopard geckos
  17 orcs
  11 bats
  7 giant cockroaches
  6 goblins
  11 hobgoblins
  11 jackals
  8 kobolds
  A quokka (D:6)
  2 ball pythons
  9 frilled lizards
  6 rats
  A spectral orc (D:6)
138 creatures vanquished.

Notes
Turn   | Place    | Note
-------+----------+-------------------------------------------
     0 | D:1      | FishyPogo the Naga Ice Elementalist began the quest for the
                  | Orb.
     0 | D:1      | Reached XP level 1. HP: 15/15 MP: 3/3
   147 | D:1      | Reached XP level 2. HP: 22/22 MP: 5/5
   351 | D:1      | Learned a level 2 spell: Throw Frost
   597 | D:1      | Reached XP level 3. HP: 28/28 MP: 6/6
  1154 | D:2      | Found a sacrificial altar of Ru.
  1216 | D:2      | Reached XP level 4. HP: 36/36 MP: 2/7
  1518 | D:2      | Found a snail-covered altar of Cheibriados.
  1541 | D:2      | Reached skill level 4 in Ice Magic
  1551 | D:2      | Became a worshipper of Cheibriados the Contemplative
  1653 | D:2      | Found a shattered altar of Ashenzari.
  1690 | D:2      | Noticed Jessica
  1743 | D:2      | Killed Jessica
  1749 | D:2      | Reached XP level 5. HP: 42/42 MP: 3/9
  2146 | D:3      | Reached * piety under Cheibriados
  2292 | D:3      | Reached skill level 5 in Ice Magic
  2292 | D:3      | Reached XP level 6. HP: 7/49 MP: 1/11
  2602 | D:3      | Learned a level 4 spell: Summon Ice Beast
  2607 | D:3      | Learned a level 4 spell: Throw Icicle
  2776 | D:3      | Reached ** piety under Cheibriados
  2971 | D:3      | Found an ornate altar of the Wu Jian Council.
  3740 | D:4      | Reached skill level 1 in Shields
  3931 | D:4      | Found a glowing golden altar of the Shining One.
  4087 | D:4      | Reached XP level 7. HP: 18/55 MP: 3/13
  4308 | D:4      | Got an ancient mace
  4309 | D:4      | Identified the cursed +0 mace of Hepliaklqana's Esteem
                  | {crush, +Inv Str+3} (You found it on level 4 of the
                  | Dungeon)
  4377 | D:4      | Reached skill level 1 in Maces & Flails
  4731 | D:5      | Entered Level 5 of the Dungeon
  5248 | D:5      | Found a staircase to the Ecumenical Temple.
  5339 | D:5      | Found Eratache's Armour Shoppe.
  5351 | D:5      | Reached skill level 6 in Ice Magic
  5351 | D:5      | Reached XP level 8. HP: 22/62 MP: 7/15
  5720 | D:5      | Reached *** piety under Cheibriados
  5720 | D:5      | Reached skill level 5 in Spellcasting
  6121 | D:6      | Noticed Duvessa
  6126 | D:6      | Noticed Dowan
  6129 | D:6      | Reached skill level 1 in Summonings
  6365 | D:6      | Found a basalt altar of Yredelemnul.
  6445 | D:6      | Killed from afar by an electric eel

Skill      XL: |  1  2  3  4  5  6  7  8 |
---------------+-------------------------+-----
Dodging        | 2 |  2.0
Stealth        | 4 |  4.0
Ice Magic      | 4 5 6 |  6.6
Spellcasting   | 3 4 5 |  5.5
Shields        | 1 2 |  2.4
Maces & Flails | 3 4 |  4.8
Summonings     | 1 |  1.3
Conjurations   | |  1.0

Action                   |  1- 3 |  4- 6 |  7- 9 || total
-------------------------+-------+-------+-------++-------
Melee: Unarmed           |     3 |       |       ||     3
       Short sword       |    14 |    46 |       ||    60
       Mace              |       |       |    74 ||    74
 Cast: Freeze            |    22 |    48 |    45 ||   115
       Throw Frost       |    15 |    35 |    38 ||    88
Invok: Bend Time         |       |     2 |       ||     2
 Abil: Spit Poison       |    36 |    38 |    37 ||   111
  Use: Potion            |       |     2 |     1 ||     3
       Scroll            |       |       |     1 ||     1
 Stab: Sleeping          |     2 |     5 |     4 ||    11
       Distracted        |       |       |     1 ||     1
  Eat: Chunk             |     4 |    23 |     6 ||    33
Armor: Robe              |     7 |    13 |    23 ||    43
Dodge: Dodged            |    25 |    47 |    54 ||   126
Block: Buckler           |       |       |    19 ||    19
